Cogmind - Beta 11.1 @@@ ROGUE MODE // 2022.06.03 @ 01:40:21 Player: Savant Result: Destroyed by G-67 Veteran with Plasma Rifle Performance ------------- Evolutions (7) 3500 Regions Visited (30) 6000 Robots Destroyed (191) 955 Value Destroyed (8156) 8156 Prototype IDs (90) 1800 Alien Tech Used (8) 1600 Bonus (4310) 4310 TOTAL SCORE: 26321 Bonus ------- High Alert Combat Kills 428 Follower Combat Kills 1840 Network Hubs Disabled 400 Met Imprinter 300 Met Zhirov 300 MAIN.C Attacked Warlord 500 Built Enhanced Grunts 300 A7 Reached Mainframe 300 Friendly Fire -58 Cogmind --------- Core Integrity 0/1300 Matter 30/300 Energy 660/700 System Corruption 4% Temperature Cool (0) Movement Core (150) Ox2 Location -3/Section 7 Parts ------- > --- POWER (2) -------- (None) > --- PROPULSION (8) --- (None) > --- UTILITY (9) ------ Experimental Energy Well Experimental Signal Interpreter Graphene Brace Experimental Hacking Suite Advanced System Shield Microwarp Drive > --- WEAPON (2) ------- (None) > --- INVENTORY (5) ---- Integrity Redistributor Enhanced Nova Cannon Force Lance Peak State ------------ > --- POWER ------------ Backup Power VII Micro Antimatter Reactor > --- PROPULSION ------- Cooled Nuclear Pulse Thruster Field Propulsion Array Field Propulsion Array Q-thruster Improved Diametric Drive Cooled Impulse Thruster > --- UTILITY ---------- Large Storage Unit Experimental Sensor Array Experimental Signal Interpreter Centrium Medium Armor Plating Advanced Hacking Suite Advanced Hacking Suite Experimental Hacking Suite Experimental Hacking Suite Advanced System Shield > --- WEAPON ----------- Enhanced Nova Cannon Force Lance > --- INVENTORY -------- Cooled Nuclear Pulse Thruster Experimental Cooling System Experimental Energy Well Long-range Sensor Array Nanoactuators Experimental Weapon Shielding Graphene Brace Phase Redirector Authchip [Propulsion] Dimensional Node Initializer Transdimensional Reconstructor Subatomic Replicator Vortex Rail Tiamat Missile Launcher Power Maul [Rating: 166] Favorites ----------- Power Improved Deuterium Engine Engine Improved Deuterium Engine Power Core Micro Fission Core Reactor Mini Fusion Reactor Propulsion Armored Huge Wheel Treads Improved Medium Treads Leg Flexi-carbon Leg Wheel Armored Huge Wheel Hover Unit Cooled Gravmag System Flight Unit Cooled Nuclear Pulse Thruster Utility Improved Signal Interpreter Device Advanced Sensor Array Storage Huge Storage Unit Processor Improved Signal Interpreter Hackware Improved System Shield Protection Centrium Medium Armor Plating Artifact Microwarp Drive Weapon Powered Hammer Energy Gun Advanced Variable Charge Gun Energy Cannon Heavy Ion Cannon Ballistic Gun Light Assault Rifle Ballistic Cannon Light Cannon Launcher Long-range Missile Launcher Impact Weapon Powered Hammer Piercing Weapon Force Lance Build | -11 -10 -10 -10 -9 -8 -7 -7 -7 -7 -6 -6 -6 -6 -6 -6 -5 -5 -5 -5 -4 -4 -4 -4 -4 -4 -4 -3 -3 -3 -3 ------- Run | Scr Mat Min Exi Min Mat Fac Low Low Zio Pro Fac Ext Cet Arc Hub Fac Upp Upp Zhi Pro Fac Was Fac Upp Upp War Pro Res Qua Sec Slots Evolved 14 | . . . . . 4 2 . . . . 2 . . . . 2 . . . . 2 . . . . . . 2 . . Power 1 | . . . . . . . . . . . . . . . . . . . . . 1 . . . . . . . . . Propulsion 6 | . . . . . 2 . . . . . . . . . . 2 . . . . . . . . . . . 2 . . Utility 7 | . . . . . 2 2 . . . . 2 . . . . . . . . . 1 . . . . . . . . . Weapon . | . . . . . . . . . . . . . . . . . . . . . . . . . . . . . . . Parts Attached 552 | 7 13 5 . 3 63 10 4 3 6 9 34 38 10 10 37 50 13 11 7 22 56 1 38 12 1 4 6 16 21 42 Power 29 | 1 2 1 . . 4 1 . . 1 . 2 1 1 . . 1 . . 1 1 2 . 1 . . . . . 3 6 Engine 9 | 1 2 . . . 3 1 . . 1 . . 1 . . . . . . . . . . . . . . . . . . Core 12 | . . 1 . . 1 . . . . . 2 . . . . 1 . . . . 1 . . . . . . . 1 5 Reactor 8 | . . . . . . . . . . . . . 1 . . . . . 1 1 1 . 1 . . . . . 2 1 Propulsion 78 | 2 3 1 . . 8 3 . . . . 1 2 . . . 11 5 3 3 6 11 . 6 . . 1 . 4 2 6 Treads 12 | 1 3 1 . . 3 1 . . . . . 1 . . . 1 . . . 1 . . . . . . . . . . Leg 11 | . . . . . . . . . . . . . . . . 3 3 2 1 2 . . . . . . . . . . Wheel 18 | 1 . . . . 5 2 . . . . 1 1 . . . 3 2 1 . 2 . . . . . . . . . . Hover 5 | . . . . . . . . . . . . . . . . 1 . . 2 1 . . . . . . . . . 1 Flight 32 | . . . . . . . . . . . . . . . . 3 . . . . 11 . 6 . . 1 . 4 2 5 Utility 286 | 1 4 1 . . 32 4 3 2 5 9 27 25 6 5 24 26 5 3 3 8 31 1 13 6 1 . 2 10 12 17 Device 180 | . 1 . . . 23 1 1 2 3 9 19 15 3 2 21 18 2 3 1 3 24 1 7 4 1 . 1 6 5 4 Storage 13 | 1 2 . . . 1 . . . . . . . . . 1 . 1 . . 1 1 . 1 . . . . . 1 3 Processor 12 | . 1 1 . . 2 2 . . . . . . . . . 2 . . . . 1 . . 1 . . . 1 1 . Hackware 16 | . . . . . . 1 1 . 1 . 2 . . 2 . 2 . . . . 4 . 1 . . . . . 1 1 Protection 58 | . . . . . 6 . 1 . 1 . 6 10 3 1 2 4 2 . 2 4 1 . 4 1 . . 1 3 4 2 Artifact 7 | . . . . . . . . . . . . . . . . . . . . . . . . . . . . . . 7 Weapon 159 | 3 4 2 . 3 19 2 1 1 . . 4 10 3 5 13 12 3 5 . 7 12 . 18 6 . 3 4 2 4 13 Energy Gun 9 | 1 . . . . 1 . . . . . . . 1 1 . . . . . 1 . . . . . 2 . . . 2 Energy Cannon 49 | . . . . . 3 . . 1 . . 2 6 . 1 7 2 . 1 . 1 4 . 8 3 . . 1 1 2 6 Ballistic Gun 23 | 2 2 1 . 1 6 . . . . . . . . 1 1 6 1 2 . . . . . . . . . . . . Ballistic Cannon 4 | . 2 . . 1 . . . . . . . . . . . . 1 . . . . . . . . . . . . . Launcher 10 | . . 1 . 1 2 . . . . . 1 . 1 . 1 . . . . 1 . . . . . . 1 . . 1 Special Weapon . | . . . . . . . . . . . . . . . . . . . . . . . . . . . . . . . Impact Weapon 53 | . . . . . 7 2 1 . . . 1 4 1 2 4 4 1 2 . 4 8 . 9 . . . . . 2 1 Slashing Weapon . | . . . . . . . . . . . . . . . . . . . . . . . . . . . . . . . Piercing Weapon 11 | . . . . . . . . . . . . . . . . . . . . . . . 1 3 . 1 2 1 . 3 Special Melee Weapon . | . . . . . . . . . . . . . . . . . . . . . . . . . . . . . . . Unidentified Prototypes 20 | . . . . . 1 . . . 1 . . . 2 . 4 1 . . 5 . . . 1 . . 2 . 1 1 1 Corrupted Parts 1 | . . . . . . . . . . . . . 1 . . . . . . . . . . . . . . . . . System Corruption 10 | . . . . . . . . . . . . . 10 . . . . . . . . . . . . . . . . . Parts Lost 54 | . . . . 1 4 . . . . . 4 1 . . 3 6 1 6 . 5 1 . 2 . . . . . . 20 Power 10 | . . . . . 2 . . . . . 1 . . . . 1 . . . . 1 . 1 . . . . . . 4 Propulsion 24 | . . . . . 1 . . . . . . 1 . . 2 2 1 2 . 3 . . 1 . . . . . . 11 Utility 15 | . . . . . 1 . . . . . 3 . . . 1 1 . 2 . 2 . . . . . . . . . 5 Weapon 5 | . . . . 1 . . . . . . . . . . . 2 . 2 . . . . . . . . . . . . Highest Loss Streak 6 | . . . . 1 1 . . . . . 1 1 . . 3 2 1 4 . 3 1 . 1 . . . . . . 6 To Critical Strikes . | . . . . . . . . . . . . . . . . . . . . . . . . . . . . . . . Average Slot Usage (%) 91 | . 93 100 100 100 99 90 84 84 84 84 85 89 89 92 92 85 95 99 99 95 97 94 92 92 89 89 89 89 89 66 Engine 3 | . 14 1 . . 7 3 7 7 7 7 2 4 1 . . . . . . . 4 5 5 5 5 5 5 . . . Core 2 | . . 12 14 14 1 3 . . . . 3 1 . . . 1 5 5 2 . . . . . . . . 3 3 4 Reactor 1 | . . . . . . . . . . . . . 4 6 6 3 . . 2 5 5 5 4 5 5 5 5 4 4 1 Treads 3 | . 13 14 14 14 12 2 . . . . . 5 6 6 5 4 3 . . 1 . . . . . . . . . . Leg 3 | . . . . . . . . . . . . . . . . 9 12 18 22 20 . . . . . . . . . . Wheel 10 | . 14 14 14 14 23 17 15 15 15 15 13 12 13 13 12 3 12 15 9 3 . . . . . . . . . . Flight 5 | . . . . . . . . . . . . . . . . . . . . . 29 26 27 26 26 23 21 28 28 18 Device 8 | . 1 . . . 10 15 15 14 14 7 10 9 5 5 5 10 9 4 5 5 14 15 10 10 10 10 9 6 5 7 Storage 6 | . 14 14 14 14 9 7 7 7 7 7 6 6 6 6 6 5 5 5 5 5 5 5 5 5 5 5 5 4 4 4 Processor 8 | . 6 14 14 14 13 17 15 15 15 15 13 6 6 6 6 5 5 5 5 5 5 5 5 5 5 5 5 4 4 4 Hackware 14 | . . . . . . 5 7 7 7 15 19 20 20 15 13 17 23 23 23 21 20 21 21 21 21 21 21 19 20 14 Protection 4 | . . . . . 2 . . . . . 2 7 10 17 20 4 1 5 4 6 . . 2 5 5 5 5 6 6 2 Energy Cannon 2 | . . . . . 4 . . 6 7 7 3 2 6 1 4 2 . 1 . . . . . . . . . . . . Ballistic Gun 2 | . 20 13 14 10 3 . . . . . . . . 4 . 5 3 . . . . . . . . . . . . . Ballistic Cannon 1 | . 7 14 14 17 . . . . . . . . . . . . 2 3 . . . . . . . . . . . . Impact Weapon 6 | . . . . . 7 15 15 8 7 7 8 10 4 1 6 1 3 4 11 10 9 10 9 6 5 5 5 4 3 1 Naked Turns . | . . . . . . . . . . . . . . . . . . . . . . . . . . . . . . . Heaviest Build 169 | 12 50 51 49 51 104 98 121 117 121 102 126 159 169 154 156 130 116 112 106 107 45 39 45 44 37 43 43 51 54 57 Greatest Support 70 | 16 16 16 16 16 40 56 56 56 56 56 56 56 40 40 40 70 48 48 32 70 45 40 41 44 41 44 44 57 58 58 Greatest Overweight (x) 12 | . 3 3 3 3 3 2 2 2 2 1 2 3 4 3 10 12 3 3 6 6 1 . 1 1 . . . . . 4 Average Overweight (x) 1 | . 2 3 3 3 2 1 1 1 1 1 1 2 3 3 3 2 2 2 3 3 . . . . . . . . . . Largest Inventory Capacity 25 | 8 20 20 20 20 25 25 25 25 25 25 25 25 25 25 25 25 25 25 25 25 25 15 15 15 15 15 15 15 15 15 Average Capacity 22 | 7 17 20 20 20 22 25 25 25 25 25 25 25 25 25 25 25 25 25 25 25 15 15 15 15 15 15 15 15 15 14 Most Carried 25 | 6 20 20 20 20 25 25 25 25 25 25 25 25 25 25 25 25 25 25 25 25 25 15 15 15 15 15 15 15 15 15 Average Carried 21 | 3 12 19 19 19 21 24 24 24 24 24 23 23 24 24 24 24 24 24 24 24 14 14 14 14 15 14 15 14 14 13 Final Capacity 25 | 8 20 20 20 20 25 25 25 25 25 25 25 25 25 25 25 25 25 25 25 25 15 15 15 15 15 15 15 15 15 5 Final Carried 25 | 6 20 20 20 20 24 25 25 25 25 25 25 25 25 25 24 25 25 23 25 25 15 15 15 15 15 15 15 15 15 3 Class Distribution -------------------- 26% | Hacker-Mutant 23% | Scavenger-Mutant 13% | Assassin 12% | Mutant 12% | Wizard-Sprinter 6% | Hacker-Sprinter 3% | Hacker-Assassin Dominant Class ---------------- Mutant | -10/Materials Mutant | -10/Mines Mutant | -10/Exiles Mutant | -9/Mines Scavenger-Mutant | -8/Materials Assassin | -7/Factory Assassin | -7/Lower Caves Assassin | -7/Lower Caves Assassin | -7/Zion Hacker-Mutant | -6/Proximity Caves Hacker-Assassin | -6/Factory Hacker-Mutant | -6/Extension Hacker-Mutant | -6/Cetus Scavenger-Mutant | -6/Archives Scavenger-Mutant | -6/Hub_04(d) Hacker-Mutant | -5/Factory Hacker-Mutant | -5/Upper Caves Scavenger-Mutant | -5/Upper Caves Scavenger-Mutant | -5/Zhirov Hacker-Mutant | -4/Proximity Caves Hacker-Sprinter | -4/Factory Hacker-Sprinter | -4/Waste Wizard-Sprinter | -4/Factory Wizard-Sprinter | -4/Upper Caves Wizard-Sprinter | -4/Upper Caves Wizard-Sprinter | -4/Warlord Wizard-Sprinter | -3/Proximity Caves Wizard-Sprinter | -3/Research Wizard-Sprinter | -3/Quarantine Hacker-Sprinter | -3/Section 7 Resources | -11 -10 -10 -10 -9 -8 -7 -7 -7 -7 -6 -6 -6 -6 -6 -6 -5 -5 -5 -5 -4 -4 -4 -4 -4 -4 -4 -3 -3 -3 -3 ----------- Run | Scr Mat Min Exi Min Mat Fac Low Low Zio Pro Fac Ext Cet Arc Hub Fac Upp Upp Zhi Pro Fac Was Fac Upp Upp War Pro Res Qua Sec Matter Collected 7639 | 251 222 80 128 104 776 80 40 50 10 128 197 895 331 303 411 722 252 380 . 269 654 . 455 173 32 43 58 197 146 252 Remotely . | . . . . . . . . . . . . . . . . . . . . . . . . . . . . . . . Salvage Created 8279 | . 209 100 . 229 1223 114 . . . . 337 565 80 388 688 1256 169 343 . 119 865 . 675 . . . 153 164 146 456 Parts 315 | . 21 13 . 11 51 2 . . . . 11 19 4 25 27 59 6 5 . 8 15 . 11 . . . 10 2 4 11 Haulers Intercepted 11 | . . . . . 2 1 . . . . . . . . . 1 . . . . . . 4 . . . . 2 1 . Recyclers Shooed 2 | . . . . . . . . . . . . . . . . 1 . . . . 1 . . . . . . . . . Parts Field Recycled . | . . . . . . . . . . . . . . . . . . . . . . . . . . . . . . . Retrieved Matter . | . . . . . . . . . . . . . . . . . . . . . . . . . . . . . . . Parts Self-Destructed 25 | . . . . . . . . . . . . . . . . . 5 7 . 7 . . . . . . 6 . . . Prevented 3 | . . . . . . . . . . . . . . . . . 3 . . . . . . . . . . . . . Kills | -11 -10 -10 -10 -9 -8 -7 -7 -7 -7 -6 -6 -6 -6 -6 -6 -5 -5 -5 -5 -4 -4 -4 -4 -4 -4 -4 -3 -3 -3 -3 ------- Run | Scr Mat Min Exi Min Mat Fac Low Low Zio Pro Fac Ext Cet Arc Hub Fac Upp Upp Zhi Pro Fac Was Fac Upp Upp War Pro Res Qua Sec Combat Hostiles Destroyed 125 | . 10 5 . 5 23 . . . . . 9 5 1 1 13 17 3 7 . 8 3 . 2 . . . 5 . . 8 Melee 13 | . . . . . 2 . . . . . 1 . . . 4 . . . . . 1 . 1 . . . 1 . . 3 Guns 25 | . 7 . . . 10 . . . . . . . . . . 3 2 2 . . . . . . . . . . . 1 Cannons 32 | . 3 2 . 5 5 . . . . . . 2 . 1 2 6 1 5 . . . . . . . . . . . . AOE 32 | . . 3 . . 2 . . . . . 4 . . . 3 7 . . . 6 . . . . . . 4 . . 3 Classes Destroyed 16 | . 2 1 . 2 7 . . . . . 2 . . 1 . . . . . . . . 1 . . . . . . . Worker 7 | . . 1 . . . . . . . . . . . . 2 2 . . . . 2 . . . . . . . . . Builder 9 | . . . . . 2 . . . . . 3 1 . . . 2 . . . . 1 . . . . . . . . . Tunneler 1 | . . . . . 1 . . . . . . . . . . . . . . . . . . . . . . . . . Hauler 11 | . . . . . 2 1 . . . . . . . . . 1 . . . . . . 4 . . . . 2 1 . Recycler 10 | . . . . 1 1 . . . . . . 2 . . . 2 . . . . 4 . . . . . . . . . Operator 10 | . . . . . . . . . . . . . . 9 . . . . . . . . 1 . . . . . . . Watcher 18 | . . . . . 1 2 . . . . 1 . . . 1 1 . . . . 5 . 5 . . . . . 1 1 Swarmer 29 | . 6 3 . . 4 . . . . . 4 . . . . . . . . 5 . . . . . . 4 . . 3 Cutter 1 | . . . . . . . . . . . . . . . . . . . . . . . 1 . . . . . . . Grunt 52 | . 4 2 . 4 11 . . . . . 2 1 . . 6 13 3 5 . . . . . . . . . . . 1 Brawler 4 | . . . . 1 . . . . . . . . . . 1 . . 2 . . . . . . . . . . . . Duelist 1 | . . . . . 1 . . . . . . . . . . . . . . . . . . . . . . . . . Sentry 16 | . . . . . 5 . . . . . . 3 . 1 3 . . . . 1 . . . . . . 1 . . 2 Specialist 2 | . . . . . 2 . . . . . . . . . . . . . . . . . . . . . . . . . Hunter 8 | . . . . . . . . . . . 1 . . . 1 1 . . . 2 2 . . . . . . . . 1 Programmer 11 | . . . . . . . . . . . 2 1 . . 2 3 . . . . 1 . 1 . . . . . . 1 Cetus Guard 1 | . . . . . . . . . . . . . 1 . . . . . . . . . . . . . . . . . Best Kill Streak 9 | . 3 4 . 4 6 1 . . . . 6 3 1 1 6 9 3 3 . 6 5 . 3 . . . 4 1 1 3 Combat Bots Only 7 | . 3 3 . 3 4 . . . . . 4 2 1 1 4 7 3 3 . 6 2 . 1 . . . 4 . . 3 Max Kills in Single Turn 7 | . 1 2 . 1 3 1 . . . . 3 1 1 1 3 7 1 1 . 4 3 . 1 . . . 3 1 1 2 Gunslinging . | . . . . . . . . . . . . . . . . . . . . . . . . . . . . . . . Exploded 5 | . . 1 . . 2 . . . . . 3 . . . 2 5 . . . 4 . . . . . . 3 . . 2 Melee 1 | . . . . . 1 . . . . . 1 . . . 1 . . . . . 1 . 1 . . . 1 . . 1 Uniques/NPCs Destroyed . | . . . . . . . . . . . . . . . . . . . . . . . . . . . . . . . Combat | -11 -10 -10 -10 -9 -8 -7 -7 -7 -7 -6 -6 -6 -6 -6 -6 -5 -5 -5 -5 -4 -4 -4 -4 -4 -4 -4 -3 -3 -3 -3 -------- Run | Scr Mat Min Exi Min Mat Fac Low Low Zio Pro Fac Ext Cet Arc Hub Fac Upp Upp Zhi Pro Fac Was Fac Upp Upp War Pro Res Qua Sec Damage Taken 15529 | . 445 155 . 239 1212 . 283 . . 36 1238 849 92 67 1528 2127 399 637 . 1063 409 . 541 22 . . 180 394 41 3572 Core 2813 | . 113 36 . 52 167 . 27 . . . 311 48 19 19 113 145 18 49 . 135 21 . 107 . . . 89 91 41 1212 Absorbed by Shields 1502 | . . . . . 32 . . . . . 270 420 31 24 268 264 . 105 . . . . . . . . . 88 . . Reduced by Siege Mode 96 | . . . . . . . . . . . . . . . . 81 15 . . . . . . . . . . . . . Redirected to Core 148 | . . . . . . . . . . . . . . . . . . . . . . . . . . . . . . 148 Redirected to Shielding 299 | . . . . . 5 . . . . . . . . . . . . . . 135 . . 42 . . . 24 . . 93 Regen/Repaired (Parts) 2075 | . 109 . . . 10 15 . . . . . 380 . . . . . . . . 1028 . 289 . . . . 62 65 117 Core Remaining (%) 67 | 100 . . . 19 69 . . . . 96 . . . . 40 . . . . 65 . . . . . . 81 . . . Volleys Fired 393 | . 35 11 . 13 57 . . 23 . 4 16 16 6 44 21 50 8 26 . 6 6 . 15 6 . . 4 1 10 15 Largest 2 | . 2 2 . 2 2 . . 1 . 1 1 1 1 2 1 2 2 2 . 1 1 . 1 1 . . 1 1 1 2 Hottest 165 | . 55 55 . 70 121 . . 65 . 65 65 88 88 113 90 123 94 123 . 90 120 . 120 120 . . 120 120 120 165 Shots Fired 613 | . 70 15 . 26 114 . . 23 . 4 16 16 6 81 21 92 16 49 . 6 6 . 15 6 . . 4 1 10 16 Gun 297 | . 51 4 . 3 71 . . . . . . . . 76 4 57 8 22 . . . . . . . . . . . 1 Cannon 293 | . 19 4 . 22 41 . . 23 . 4 14 16 5 5 15 35 8 27 . 2 6 . 15 6 . . 2 1 10 13 Launcher 23 | . . 7 . 1 2 . . . . . 2 . 1 . 2 . . . . 4 . . . . . . 2 . . 2 Special . | . . . . . . . . . . . . . . . . . . . . . . . . . . . . . . . Kinetic 313 | . 70 8 . 25 52 . . . . . . . . 38 4 57 16 43 . . . . . . . . . . . . Thermal 239 | . . . . . 60 . . 23 . 4 14 4 . 38 7 28 . 6 . 2 6 . 15 6 . . 2 1 10 13 Explosive 23 | . . 7 . 1 2 . . . . . 2 . 1 . 2 . . . . 4 . . . . . . 2 . . 2 Electromagnetic 37 | . . . . . . . . . . . . 12 5 5 8 7 . . . . . . . . . . . . . . Entropic 1 | . . . . . . . . . . . . . . . . . . . . . . . . . . . . . . 1 Robot Hit Streak 23 | . 7 4 . 9 23 . . . . . 1 5 1 6 5 14 5 12 . 1 . . 2 . . . 3 . . 4 Robot Miss Streak 4 | . 2 2 . 2 2 . . . . . 2 3 1 4 2 3 2 2 . 2 . . . . . . . . . 1 Penetration Max 1 | . . . . . . . . . . . . . . 1 . 1 . 1 . . . . . . . . . . . . Secondary Targets 1 | . . . . . . . . . . . . . . . . 1 . . . . . . . . . . . . . . Max Gunslinging Chain 1 | . . . . . . . . . . . . . . . . 1 . . . . . . . . . . . . . . Shots Hit Robots 553 | . 46 8 . 16 107 3 . . . . 42 29 3 48 34 70 9 35 . 19 16 . 22 . . . 2 5 4 35 Core Hits 235 | . 17 10 . 7 43 . . . . . 8 7 2 22 26 35 5 14 . 9 6 . 4 . . . 6 1 2 11 Critical Kills 5 | . . . . . . . . . . . . 2 . . 1 1 1 . . . . . . . . . . . . . Critical Parts Destroyed 40 | . . . . . 3 1 . . . . 8 2 . 2 3 . . 1 . 3 7 . 9 . . . . . . 1 Critical Strikes 58 | . . . . . 3 1 . . . . 9 6 . 2 4 1 2 4 . 4 7 . 9 . . . . 1 . 5 Destroy 6 | . . . . . . . . . . . . . . 2 . 1 1 2 . . . . . . . . . . . . Blast 3 | . . . . . . . . . . . . . . . . . 1 2 . . . . . . . . . . . . Corrupt 1 | . . . . . . . . . . . . 1 . . . . . . . . . . . . . . . . . . Smash 43 | . . . . . 3 1 . . . . 9 5 . . 4 . . . . 4 7 . 9 . . . . . . 1 Impale 5 | . . . . . . . . . . . . . . . . . . . . . . . . . . . . 1 . 4 Melee Attacks 641 | . . . . . 34 24 9 13 1 11 86 27 . . 68 6 10 7 . 36 87 . 85 8 9 1 10 30 29 50 Impact 536 | . . . . . 34 24 9 13 1 11 86 27 . . 68 6 10 7 . 36 87 . 85 4 9 1 . 6 2 10 Slashing . | . . . . . . . . . . . . . . . . . . . . . . . . . . . . . . . Piercing 105 | . . . . . . . . . . . . . . . . . . . . . . . . 4 . . 10 24 27 40 Sneak Attacks 25 | . . . . . 2 1 . . . . 2 3 . . . . . . . . 7 . 5 . . . . 2 1 2 Combat Hostiles 1 | . . . . . . . . . . . . . . . . . . . . . . . . . . . . . . 1 Follow-up Attacks 44 | . . . . . 4 . . . . . 8 5 . . 7 . . . . 4 2 . 6 . . . . 2 . 6 Damage Inflicted 23373 | . 522 332 . 292 2471 177 . . . . 2177 1235 180 1470 2184 3144 343 1086 . 1526 1815 . 1363 . . . 505 316 260 1975 Guns 4257 | . 275 36 . 13 769 . . . . . . . . 1346 . 1163 151 460 . . . . . . . . . . . 44 Cannons 4034 | . 247 70 . 248 841 . . . . . 26 341 159 124 178 942 192 626 . . . . 40 . . . . . . . Explosions 5057 | . . 226 . 31 191 . . . . . 287 . 21 . 874 1039 . . . 828 629 . . . . . 453 . . 478 Melee 10020 | . . . . . 665 177 . . . . 1864 894 . . 1132 . . . . 698 1186 . 1323 . . . 52 316 260 1453 Ramming 5 | . . . . . 5 . . . . . . . . . . . . . . . . . . . . . . . . . Kinetic 4460 | . 522 106 . 261 495 . . . . . . . . 595 . 1163 343 975 . . . . . . . . . . . . Thermal 3568 | . . . . . 1115 . . . . . 26 61 . 751 . 1464 . 111 . . . . 40 . . . . . . . Explosive 3955 | . . 226 . 31 191 . . . . . 287 . 21 . 486 325 . . . 828 629 . . . . . 453 . . 478 Electromagnetic 1321 | . . . . . . . . . . . . 280 159 124 566 192 . . . . . . . . . . . . . . Impact 8259 | . . . . . 665 177 . . . . 1864 894 . . 1132 . . . . 698 1186 . 1323 . . . . 79 . 241 Slashing . | . . . . . . . . . . . . . . . . . . . . . . . . . . . . . . . Piercing 1761 | . . . . . . . . . . . . . . . . . . . . . . . . . . . 52 237 260 1212 Entropic 44 | . . . . . . . . . . . . . . . . . . . . . . . . . . . . . . 44 Highest Corruption 10 | . . . . . . . . . . . 3 2 10 7 6 7 7 7 7 7 . 6 6 6 . . . 3 3 4 Average Corruption 5 | . . . . . . . . . . . 2 1 7 5 1 5 7 7 7 7 . 6 6 5 . . . 3 1 3 Corruption Purged 26 | . . . . . . . . . . . 3 4 3 7 . . . . . . . . . 6 . . . . 3 . Corruption Blocked . | . . . . . . . . . . . . . . . . . . . . . . . . . . . . . . . Effects 236 | . . . . . . . . . . . 10 2 6 7 6 25 43 40 7 53 . 1 22 9 . . . 3 . 2 Message Errors 55 | . . . . . . . . . . . 2 1 . 2 1 3 10 9 2 16 . . 6 3 . . . . . . Matter Fused 47 | . . . . . . . . . . . 1 . . 1 3 4 7 7 1 13 . 1 5 2 . . . 2 . . Heat Flow Errors 33 | . . . . . . . . . . . . . 1 2 1 4 5 5 3 7 . . 4 . . . . 1 . . Energy Discharges 39 | . . . . . . . . . . . 2 1 3 . 1 7 6 6 . 6 . . 3 4 . . . . . . Parts Rejected 7 | . . . . . . . . . . . 1 . 1 . . . 1 1 . 3 . . . . . . . . . . Data Loss (minor) 30 | . . . . . . . . . . . 3 . 1 . . 4 7 7 . 6 . . 1 . . . . . . 1 Data Loss (major) 13 | . . . . . . . . . . . . . . . . 2 5 2 1 1 . . 1 . . . . . . 1 Misfires 4 | . . . . . . . . . . . . . . . . 1 1 2 . . . . . . . . . . . . Alerts 5 | . . . . . . . . . . . 1 . . . . . 1 . . 1 . . 2 . . . . . . . Weapon Failures 3 | . . . . . . . . . . . . . . 2 . . . 1 . . . . . . . . . . . . Overload Shots . | . . . . . . . . . . . . . . . . . . . . . . . . . . . . . . . Overflow Damage 3596 | . 7 . . . 186 133 . . . . 653 140 16 . 275 119 . 4 . 131 889 . 681 . . . 101 31 97 133 Projectiles 148 | . 7 . . . 15 . . . . . 25 . 16 . 38 34 . 4 . . 9 . . . . . . . . . Explosions 395 | . . . . . . . . . . . . . . . . 85 . . . 18 133 . . . . . 101 . . 58 Melee 3053 | . . . . . 171 133 . . . . 628 140 . . 237 . . . . 113 747 . 681 . . . . 31 97 75 Knockbacks 40 | . 2 . . 2 3 . . . . . 4 . . . 4 . 3 4 . 2 9 . 6 . . . . . . 1 Impact 27 | . . . . . 2 . . . . . 4 . . . 4 . . . . 2 8 . 6 . . . . . . 1 Kinetic 11 | . 2 . . 2 . . . . . . . . . . . . 3 4 . . . . . . . . . . . . Secondary 2 | . . . . . 1 . . . . . . . . . . . . . . . 1 . . . . . . . . . Self-Inflicted Damage 479 | . . 32 . . . . . . . . . . . . 212 59 . . . . 176 . . . . . . . . . Shots 8 | . . 1 . . . . . . . . . . . . 4 1 . . . . 2 . . . . . . . . . Rammed 1 | . . . . . 1 . . . . . . . . . . . . . . . . . . . . . . . . . Targets Rammed 1 | . . . . . 1 . . . . . . . . . . . . . . . . . . . . . . . . . Kicked . | . . . . . . . . . . . . . . . . . . . . . . . . . . . . . . . Crushed . | . . . . . . . . . . . . . . . . . . . . . . . . . . . . . . . Highest Temperature 398 | . 66 38 . 117 387 . . 70 . 20 32 178 239 322 183 398 247 195 171 216 132 . 275 132 . . 100 245 . 112 Average Temperature 75 | . 20 20 . 36 101 . . 25 . 12 14 54 59 73 59 130 107 65 78 86 44 . 86 47 . . 57 100 . 34 Received Heat Transfer 3494 | . 189 45 . 132 490 . 36 . . 18 187 155 6 21 461 712 214 351 . 36 . . 21 12 . . . 48 . 360 Effects 2 | . . . . . 1 . . . . . . . . 1 . . . . . . . . . . . . . . . . Energy Bleed 1 | . . . . . . . . . . . . . . 1 . . . . . . . . . . . . . . . . Short Circuit 1 | . . . . . 1 . . . . . . . . . . . . . . . . . . . . . . . . . Siege Activations 6 | . . . . . . . . . . . . . . . . 5 1 . . . . . . . . . . . . . Total Turns 96 | . . . . . . . . . . . . . . . . 82 14 . . . . . . . . . . . . . Longest Duration 24 | . . . . . . . . . . . . . . . . 24 14 . . . . . . . . . . . . . Robots Corrupted 4 | . . . . . . . . . . . . 2 1 . . 1 . . . . . . . . . . . . . . Combat Hostiles 4 | . . . . . . . . . . . . 2 1 . . 1 . . . . . . . . . . . . . . Parts Fried 53 | . . . . . 8 5 . . . . 3 4 . . 6 1 . . . . 14 . 11 . . . . 1 . . Impact Corruptions 100 | . . . . . 9 3 . . . . 25 4 . . 11 . . . . 4 27 . 15 . . . . 1 . 1 Robots Melted . | . . . . . . . . . . . . . . . . . . . . . . . . . . . . . . . Combat Hostiles . | . . . . . . . . . . . . . . . . . . . . . . . . . . . . . . . Parts Melted 4 | . . . . . 3 . . . . . . . . 1 . . . . . . . . . . . . . . . . Heat Transferred 3399 | . . . . . 1813 . . . . . 37 74 . 888 . 550 . . . . . . 37 . . . . . . . Parts Sabotaged . | . . . . . . . . . . . . . . . . . . . . . . . . . . . . . . . Parts Stolen . | . . . . . . . . . . . . . . . . . . . . . . . . . . . . . . . Parts Stripped . | . . . . . . . . . . . . . . . . . . . . . . . . . . . . . . . Power Chain Reactions . | . . . . . . . . . . . . . . . . . . . . . . . . . . . . . . . Missiles Intercepted . | . . . . . . . . . . . . . . . . . . . . . . . . . . . . . . . Alert | -11 -10 -10 -10 -9 -8 -7 -7 -7 -7 -6 -6 -6 -6 -6 -6 -5 -5 -5 -5 -4 -4 -4 -4 -4 -4 -4 -3 -3 -3 -3 ------- Run | Scr Mat Min Exi Min Mat Fac Low Low Zio Pro Fac Ext Cet Arc Hub Fac Upp Upp Zhi Pro Fac Was Fac Upp Upp War Pro Res Qua Sec Peak Influence 1198 | . 240 147 . 156 418 212 . . . . 329 385 421 448 1198 1148 . . . . 531 92 602 . . . . 373 291 505 Initial 586 | . . 45 . . . 176 . . . . . 139 200 168 98 586 . . . . 28 62 64 . . . . . 160 93 Average 231 | . 102 83 . 31 278 110 . . . . 109 275 289 327 270 732 . . . . 168 77 266 . . . . 145 125 317 Maximum Alert Level 4 | . 1 . . . 2 1 . . . . 1 1 2 2 4 4 . . . . 2 . 2 . . . . 1 1 2 Low Security (%) 46 | 100 83 100 . 100 10 95 . . . . 73 15 1 . 25 . . . . . 79 100 35 . . . . 68 91 10 Level 1 42 | . 16 . . . 86 4 . . . . 26 84 79 75 61 . . . . . 10 . 47 . . . . 31 8 68 Level 2 8 | . . . . . 2 . . . . . . . 19 23 9 55 . . . . 9 . 17 . . . . . . 21 Level 3 2 | . . . . . . . . . . . . . . . 2 35 . . . . . . . . . . . . . . Level 4 . | . . . . . . . . . . . . . . . 1 9 . . . . . . . . . . . . . . Level 5 . | . . . . . . . . . . . . . . . . . . . . . . . . . . . . . . . High Security . | . . . . . . . . . . . . . . . . . . . . . . . . . . . . . . . Max Security . | . . . . . . . . . . . . . . . . . . . . . . . . . . . . . . . Squads Dispatched 60 | . 3 . . . 5 . . . . . 10 2 . . 12 6 . . . . 7 . 5 . . . . 4 2 4 Investigation 21 | . 3 . . . 4 . . . . . 4 1 . . 1 1 . . . . 3 . 2 . . . . 2 . . Extermination 15 | . . . . . . . . . . . 3 . . . 3 2 . . . . 2 . 1 . . . . 1 2 1 Reinforcement 15 | . . . . . 1 . . . . . . 1 . . 4 3 . . . . 2 . 2 . . . . 1 . 1 Assault 1 | . . . . . . . . . . . . . . . 1 . . . . . . . . . . . . . . . Garrison 8 | . . . . . . . . . . . 3 . . . 3 . . . . . . . . . . . . . . 2 Intercept . | . . . . . . . . . . . . . . . . . . . . . . . . . . . . . . . Searches Triggered 1 | . . . . . . . . . . . . . . . . . . . . . . . 1 . . . . . . . Construction Impeded 2 | . . . . . . . . . . . . . . . 1 1 . . . . . . . . . . . . . . Haulers Reinforced . | . . . . . . . . . . . . . . . . . . . . . . . . . . . . . . . Active Scanning Responses . | . . . . . . . . . . . . . . . . . . . . . . . . . . . . . . . Cargo Convoy Interrupts . | . . . . . . . . . . . . . . . . . . . . . . . . . . . . . . . Stealth | -11 -10 -10 -10 -9 -8 -7 -7 -7 -7 -6 -6 -6 -6 -6 -6 -5 -5 -5 -5 -4 -4 -4 -4 -4 -4 -4 -3 -3 -3 -3 --------- Run | Scr Mat Min Exi Min Mat Fac Low Low Zio Pro Fac Ext Cet Arc Hub Fac Upp Upp Zhi Pro Fac Was Fac Upp Upp War Pro Res Qua Sec Distress Signals 27 | . 3 . . . 4 . . . . . 3 2 1 . 4 1 . . . . 1 . 3 . . . . . 1 4 Communications Jammed . | . . . . . . . . . . . . . . . . . . . . . . . . . . . . . . . Distress Signals . | . . . . . . . . . . . . . . . . . . . . . . . . . . . . . . . Times Spotted 411 | . 20 4 . 6 43 2 3 4 . 3 24 21 7 37 44 20 6 17 . 10 14 4 34 4 . . 5 27 13 39 Peak Tracking Total 14 | . 5 3 . 3 6 1 3 4 . 3 4 4 5 2 11 6 4 7 . 7 5 4 11 4 . . 4 14 6 13 Tactical Retreats 59 | . 4 . . 1 3 . 4 3 . 1 2 1 . . 5 1 2 6 . . 2 . 10 1 . . . 5 2 6 Traps | -11 -10 -10 -10 -9 -8 -7 -7 -7 -7 -6 -6 -6 -6 -6 -6 -5 -5 -5 -5 -4 -4 -4 -4 -4 -4 -4 -3 -3 -3 -3 ------- Run | Scr Mat Min Exi Min Mat Fac Low Low Zio Pro Fac Ext Cet Arc Hub Fac Upp Upp Zhi Pro Fac Was Fac Upp Upp War Pro Res Qua Sec Traps Triggered 14 | . 5 . . . 1 . . . . . . 3 . . 1 . . . . . 1 . 1 . . . . 1 . 1 Indirectly . | . . . . . . . . . . . . . . . . . . . . . . . . . . . . . . . Trap Hack Attempts . | . . . . . . . . . . . . . . . . . . . . . . . . . . . . . . . Triggered . | . . . . . . . . . . . . . . . . . . . . . . . . . . . . . . . Disarmed 25 | . . . . . . . . . . . . 6 . . 7 . . . . . . . . . . . . 6 6 . Reprogrammed 22 | . . . . . . . . . . . 3 . . . . 7 . . . . 6 . . . . . . . 6 . Reused 10 | . . . . . 1 . . . . . . 2 1 . 1 1 . . . . 1 . . . . . . . 3 . Traps Extracted . | . . . . . . . . . . . . . . . . . . . . . . . . . . . . . . . Installed 16 | . . . . 4 1 . . . . . . 7 2 . 2 . . . . . . . . . . . . . . . Triggered 25 | . . . . . 1 . . . . . . 2 1 . 3 1 1 . . . 1 . . . . 12 . . 3 . Fabricated Traps 12 | . . . . . . . . . . . . 9 3 . . . . . . . . . . . . . . . . . Most Traps Carried 3 | . . . . 1 1 . . . . . . 3 3 3 2 . . . . . . . . . . . . . . . Exploded 1 | . . . . . 1 . . . . . . . . . . . . . . . . . . . . . . . . . Machines | -11 -10 -10 -10 -9 -8 -7 -7 -7 -7 -6 -6 -6 -6 -6 -6 -5 -5 -5 -5 -4 -4 -4 -4 -4 -4 -4 -3 -3 -3 -3 ---------- Run | Scr Mat Min Exi Min Mat Fac Low Low Zio Pro Fac Ext Cet Arc Hub Fac Upp Upp Zhi Pro Fac Was Fac Upp Upp War Pro Res Qua Sec Machines Disabled 89 | . 1 . . . . . . . . . 4 1 . 3 31 22 1 . . . 17 . . . . . . . 4 5 Max in Single Turn 20 | . 1 . . . . . . . . . 2 . . 1 14 20 1 . . . 10 . . . . . . . 1 1 Garrison Access 7 | . . . . . . . . . . . . . . . 1 . . . . . 2 . 1 . . . . 1 1 1 Network Hub 2 | . . . . . . . . . . . . . . . 2 . . . . . . . . . . . . . . . Machines Sabotaged . | . . . . . . . . . . . . . . . . . . . . . . . . . . . . . . . Garrisons Compromised . | . . . . . . . . . . . . . . . . . . . . . . . . . . . . . . . Overloaded Fab Kills . | . . . . . . . . . . . . . . . . . . . . . . . . . . . . . . . Hacking | -11 -10 -10 -10 -9 -8 -7 -7 -7 -7 -6 -6 -6 -6 -6 -6 -5 -5 -5 -5 -4 -4 -4 -4 -4 -4 -4 -3 -3 -3 -3 --------- Run | Scr Mat Min Exi Min Mat Fac Low Low Zio Pro Fac Ext Cet Arc Hub Fac Upp Upp Zhi Pro Fac Was Fac Upp Upp War Pro Res Qua Sec Machines Accessed 166 | . 9 1 1 . 16 5 1 . 1 . 16 12 1 . 11 5 2 . 4 . 23 . 15 . 2 3 1 9 17 11 Terminals 99 | . 6 . . . 10 3 . . . . 11 11 1 . 10 4 . . . . 9 . 9 . 1 . 1 5 11 7 Fabricators 13 | . . . . . . 1 . . . . 4 . . . . 1 . . . . 4 . 2 . . . . 1 . . Repair Stations 16 | . 1 . . . 2 1 . . . . . 1 . . . . . . . . 5 . 2 . . . . 1 2 1 Recycling Units 6 | . 2 . . . 2 . . . . . . . . . . . . . . . 1 . . . . . . 1 . . Scanalyzers 10 | . . . . . 2 . . . . . . . . . . . . . . . 2 . 1 . . . . . 3 2 Garrison Access 8 | . . . . . . . . . . . 1 . . . 1 . . . . . 2 . 1 . . . . 1 1 1 Total Hacks 754 | . 24 1 1 . 50 16 1 . 5 . 80 41 3 . 52 44 2 . 16 . 148 . 80 . 2 6 1 51 74 56 Successful 510 | . 15 1 1 . 36 7 1 . 5 . 40 24 1 . 23 24 2 . 16 . 109 . 65 . 2 6 1 40 57 34 Failed 242 | . 8 . . . 14 9 . . . . 40 17 2 . 29 20 . . . . 39 . 15 . . . . 10 17 22 Catastrophic 21 | . . . . . 2 . . . . . 3 1 . . 2 2 . . . . 8 . 1 . . . . . 1 1 Database Lockouts 2 | . 1 . . . . . . . . . . . . . . . . . . . . . . . . . . 1 . . Manual 305 | . 11 . . . 26 8 . . . . 42 6 1 . 33 19 . . . . 56 . 34 . . . . 25 15 29 Terminals 517 | . 20 . . . 35 9 . . . . 59 33 3 . 51 41 . . . . 73 . 57 . 1 . 1 34 57 43 Fabricators 60 | . . . . . . 5 . . . . 18 . . . . 3 . . . . 21 . 7 . . . . 6 . . Repair Stations 70 | . 2 . . . 4 2 . . . . . 8 . . . . . . . . 28 . 12 . . . . 6 3 5 Recycling Units 12 | . 2 . . . 3 . . . . . . . . . . . . . . . 3 . . . . . . 4 . . Scanalyzers 47 | . . . . . 8 . . . . . . . . . . . . . . . 20 . 3 . . . . . 11 5 Garrison Access 15 | . . . . . . . . . . . 3 . . . 1 . . . . . 3 . 1 . . . . 1 3 3 Terminal Hacks 249 | . 9 1 1 . 12 2 1 . 5 . 13 14 1 . 12 19 2 . 16 . 33 . 30 . 2 6 1 20 34 15 Record 13 | . . . 1 . . . . . . . . . . . . . 1 . 4 . . . . . 1 4 1 . 1 . Part Schematic 30 | . . . . . 2 . . . 5 . 4 . . . . 3 . . 4 . 4 . 6 . . . . 1 1 . Robot Analysis 17 | . 2 . . . 3 . . . . . 1 1 . . . 1 . . 4 . . . . . . . . 1 4 . Prototype ID Bank 28 | . 2 . . . 3 . . . . . 1 2 . . 1 1 . . 4 . 5 . 5 . . . . 2 2 . Open Door 15 | . . 1 . . . . 1 . . . 1 6 1 . . . 1 . . . . . . . 1 2 . . . 1 Level Access Points 2 | . . . . . . . . . . . . . . . . . . . . . . . . . . . . 1 . 1 Branch Access Points 7 | . . . . . 1 1 . . . . 1 . . . . 1 . . . . 1 . 1 . . . . 1 . . Emergency Access Points 2 | . . . . . . . . . . . . . . . 1 . . . . . . . . . . . . . 1 . Machine Index 4 | . . . . . . . . . . . . . . . . . . . . . 1 . 1 . . . . . . 2 Terminal Index 5 | . . . . . . . . . . . . . . . . 1 . . . . . . 1 . . . . 1 1 1 Fabricator Index 4 | . . . . . . . . . . . . . . . . 1 . . . . . . 1 . . . . 1 1 . Repair Station Index 1 | . . . . . . . . . . . . . . . . . . . . . . . . . . . . . 1 . Scanalyzer Index 2 | . . . . . . . . . . . . . . . . . . . . . . . . . . . . . 1 1 Garrison Index 3 | . . . . . . . . . . . . . . . . 1 . . . . . . 1 . . . . 1 . . Alert Level 8 | . . . . . . . . . . . . . . . 1 2 . . . . 3 . . . . . . 1 1 . Unreport Threat 19 | . . . . . . . . . . . 2 . . . 3 2 . . . . 4 . 1 . . . . 2 4 1 Locate Traps 22 | . 2 . . . 1 1 . . . . 2 2 . . 2 3 . . . . 1 . 1 . . . . . 6 1 Disarm Traps 5 | . . . . . . . . . . . . 1 . . 2 . . . . . . . . . . . . 1 1 . Reprogram Traps 6 | . . . . . . . . . . . 1 . . . . 2 . . . . 2 . . . . . . . 1 . Maintenance Status 2 | . . . . . . . . . . . . . . . . . . . . . . . . . . . . . 1 1 Security Status 1 | . . . . . . . . . . . . . . . . . . . . . 1 . . . . . . . . . Transport Status 1 | . . . . . . . . . . . . . . . . . . . . . 1 . . . . . . . . . Recall Investigation 6 | . . . . . . . . . . . . . . . . . . . . . 2 . 3 . . . . 1 . . Recall Extermination 6 | . . . . . . . . . . . . . . . . . . . . . 2 . 1 . . . . 1 1 1 Recall Reinforcements 4 | . . . . . . . . . . . . . . . . . . . . . 1 . 1 . . . . 1 . 1 Hauler Manifests 7 | . 1 . . . 1 . . . . . . . . . . . . . . . 1 . 1 . . . . 1 1 1 Registered Components 1 | . . . . . . . . . . . . . . . . . . . . . . . 1 . . . . . . . Registered Prototypes 2 | . . . . . . . . . . . . . . . . . . . . . . . 1 . . . . . . 1 Zone Layout 26 | . 2 . . . 1 . . . . . . 2 . . 2 1 . . . . 4 . 4 . . . . 3 5 2 Fabricator Hacks 26 | . . . . . . 1 . . . . 10 . . . . 2 . . . . 7 . 4 . . . . 2 . . Network Status 4 | . . . . . . 1 . . . . 1 . . . . 1 . . . . 1 . . . . . . . . . Load Schematic 11 | . . . . . . . . . . . 4 . . . . 1 . . . . 3 . 2 . . . . 1 . . Build 11 | . . . . . . . . . . . 5 . . . . . . . . . 3 . 2 . . . . 1 . . Repair Station Hacks 60 | . 2 . . . 4 2 . . . . . 8 . . . . . . . . 22 . 11 . . . . 4 3 4 Scan Component 27 | . 1 . . . 2 1 . . . . . 4 . . . . . . . . 10 . 5 . . . . 2 1 1 Repair 26 | . 1 . . . 2 1 . . . . . 4 . . . . . . . . 10 . 5 . . . . 1 1 1 Refit 7 | . . . . . . . . . . . . . . . . . . . . . 2 . 1 . . . . 1 1 2 Recycling Unit Hacks 4 | . . . . . 1 . . . . . . . . . . . . . . . 1 . . . . . . 2 . . Report Inventory 3 | . . . . . 1 . . . . . . . . . . . . . . . 1 . . . . . . 1 . . Retrieve Components 1 | . . . . . . . . . . . . . . . . . . . . . . . . . . . . 1 . . Scanalyzer 45 | . . . . . 7 . . . . . . . . . . . . . . . 20 . 3 . . . . . 11 4 Insert Component 24 | . . . . . 4 . . . . . . . . . . . . . . . 9 . 1 . . . . . 6 4 Analyze 21 | . . . . . 3 . . . . . . . . . . . . . . . 11 . 2 . . . . . 5 . Garrison Access Hacks 6 | . . . . . . . . . . . . . . . . . . . . . 2 . 1 . . . . 1 1 1 Seal Access 6 | . . . . . . . . . . . . . . . . . . . . . 2 . 1 . . . . 1 1 1 Unauthorized Hacks 120 | . 4 . . . 12 2 . . . . 17 2 . . 11 3 . . . . 24 . 16 . . . . 11 8 10 Terminals 96 | . 2 . . . 10 2 . . . . 14 2 . . 10 2 . . . . 15 . 13 . . . . 8 8 10 Track 29 | . . . . . 4 . . . . . 4 . . . 4 . . . . . 7 . 4 . . . . 2 1 3 Assimilate 15 | . . . . . . . . . . . 4 . . . 1 . . . . . . . 3 . . . . 1 4 2 Botnet 35 | . 2 . . . 4 1 . . . . 3 2 . . 4 1 . . . . 5 . 4 . . . . 4 3 2 Disrupt 8 | . . . . . 1 . . . . . 2 . . . . . . . . . 2 . 1 . . . . . . 2 Operators 9 | . . . . . 1 1 . . . . 1 . . . 1 1 . . . . 1 . 1 . . . . 1 . 1 Fabricators 13 | . . . . . . . . . . . 2 . . . . 1 . . . . 6 . 3 . . . . 1 . . Report 1 | . . . . . . . . . . . . . . . . . . . . . 1 . . . . . . . . . Prioritize 4 | . . . . . . . . . . . . . . . . . . . . . 1 . 2 . . . . 1 . . Liberate 3 | . . . . . . . . . . . . . . . . . . . . . 2 . 1 . . . . . . . Fabnet 2 | . . . . . . . . . . . 1 . . . . . . . . . 1 . . . . . . . . . Recompile 3 | . . . . . . . . . . . 1 . . . . 1 . . . . 1 . . . . . . . . . Repair Stations 1 | . . . . . . . . . . . . . . . . . . . . . 1 . . . . . . . . . Mechanics 1 | . . . . . . . . . . . . . . . . . . . . . 1 . . . . . . . . . Recycling Units 8 | . 2 . . . 2 . . . . . . . . . . . . . . . 2 . . . . . . 2 . . Reject 2 | . . . . . . . . . . . . . . . . . . . . . 1 . . . . . . 1 . . Recyclers 2 | . . . . . . . . . . . . . . . . . . . . . 1 . . . . . . 1 . . Tunnel 4 | . 2 . . . 2 . . . . . . . . . . . . . . . . . . . . . . . . . Scanalyzers . | . . . . . . . . . . . . . . . . . . . . . . . . . . . . . . . Garrison Access 2 | . . . . . . . . . . . 1 . . . 1 . . . . . . . . . . . . . . . Reprogram 2 | . . . . . . . . . . . 1 . . . 1 . . . . . . . . . . . . . . . Data Cores Recovered . | . . . . . . . . . . . . . . . . . . . . . . . . . . . . . . . Used . | . . . . . . . . . . . . . . . . . . . . . . . . . . . . . . . Hacking Detections 106 | . 5 . . . 13 4 . . . . 14 7 1 . 9 5 . . . . 11 . 11 . 1 . . 8 10 7 Full Trace Events 8 | . . . . . 1 . . . . . 2 1 . . . . . . . . 1 . 2 . . . . 1 . . Feedback Events 1 | . . . . . . . . . . . . 1 . . . . . . . . . . . . . . . . . . Corruption 1 | . . . . . . . . . . . . 1 . . . . . . . . . . . . . . . . . . Feedback Blocked . | . . . . . . . . . . . . . . . . . . . . . . . . . . . . . . . Robot Schematics Acquired 3 | . . . . . . . . . 3 . . . . . . . . . . . . . . . . . . . . . Robots Built . | . . . . . . . . . . . . . . . . . . . . . . . . . . . . . . . Authchips . | . . . . . . . . . . . . . . . . . . . . . . . . . . . . . . . Time . | . . . . . . . . . . . . . . . . . . . . . . . . . . . . . . . Total Robot Build Rating . | . . . . . . . . . . . . . . . . . . . . . . . . . . . . . . . Part Schematics Acquired 58 | . . . . . 4 . . . 21 . 4 . . . . 3 . . 4 . 11 . 7 . . . . 1 3 . Parts Built 14 | . . . . . . . . . . . 7 . . . . . . . . . 4 . 2 . . . . 1 . . Authchips 2 | . . . . . . . . . . . 1 . . . . . . . . . 1 . . . . . . . . . Time 525 | . . . . . . . . . . . 265 . . . . . . . . . 179 . 50 . . . . 31 . . Total Part Build Rating 96 | . . . . . . . . . . . 43 . . . . . . . . . 32 . 14 . . . . 7 . . Parts Repaired 26 | . 1 . . . 2 1 . . . . . 4 . . . . . . . . 10 . 5 . . . . 1 1 1 Time 1035 | . 26 . . . 102 26 . . . . . 206 . . . . . . . . 356 . 208 . . . . 36 49 26 Parts Recycled . | . . . . . . . . . . . . . . . . . . . . . . . . . . . . . . . Recycled Matter . | . . . . . . . . . . . . . . . . . . . . . . . . . . . . . . . Retrieved Matter . | . . . . . . . . . . . . . . . . . . . . . . . . . . . . . . . Retrieved Components 3 | . . . . . . . . . . . . . . . . . . . . . . . . . . . . 3 . . Parts Scanalyzed 12 | . . . . . 2 . . . . . . . . . . . . . . . 7 . 1 . . . . . 2 . Part Schematics Acquired 12 | . . . . . 2 . . . . . . . . . . . . . . . 7 . 1 . . . . . 2 . Parts Damaged 3 | . . . . . 2 . . . . . . . . . . . . . . . 1 . . . . . . . . . Bothacking | -11 -10 -10 -10 -9 -8 -7 -7 -7 -7 -6 -6 -6 -6 -6 -6 -5 -5 -5 -5 -4 -4 -4 -4 -4 -4 -4 -3 -3 -3 -3 ------------ Run | Scr Mat Min Exi Min Mat Fac Low Low Zio Pro Fac Ext Cet Arc Hub Fac Upp Upp Zhi Pro Fac Was Fac Upp Upp War Pro Res Qua Sec Used RIF Installer . | . . . . . . . . . . . . . . . . . . . . . . . . . . . . . . . Robots Hacked 1 | . . . . . . . . . . . . . . . . . . . . . . . . . . . . 1 . . Non-combat . | . . . . . . . . . . . . . . . . . . . . . . . . . . . . . . . Combat 1 | . . . . . . . . . . . . . . . . . . . . . . . . . . . . 1 . . Robot Hacks Applied . | . . . . . . . . . . . . . . . . . . . . . . . . . . . . . . . Relay Couplers Released 2 | . . . . . . . . . . . . . . . 2 . . . . . . . . . . . . . . . Machine Destruction 2 | . . . . . . . . . . . . . . . 2 . . . . . . . . . . . . . . . Fabnet Peak Effective % 3 | . . . . . . . . . . . . . . . . . . . . . . . . . . . 3 3 3 3 Autooverrided 1 | . . . . . . . . . . . . . . . . . . . . . . . . . . . . 1 . . Robots Rewired 13 | . . . . . . . . . . . . 8 . . . . . . . . 1 . . . . 4 . . . . Allies Hacked 2 | . . . . . . . . . . . . . . . . . . . . . 2 . . . . . . . . . Hacks Repelled . | . . . . . . . . . . . . . . . . . . . . . . . . . . . . . . . Allies | -11 -10 -10 -10 -9 -8 -7 -7 -7 -7 -6 -6 -6 -6 -6 -6 -5 -5 -5 -5 -4 -4 -4 -4 -4 -4 -4 -3 -3 -3 -3 -------- Run | Scr Mat Min Exi Min Mat Fac Low Low Zio Pro Fac Ext Cet Arc Hub Fac Upp Upp Zhi Pro Fac Was Fac Upp Upp War Pro Res Qua Sec Total Allies 51 | . . . . . . . . . . . 5 17 5 . 1 3 . . . . 7 . 3 . . 4 . 2 3 1 Largest Group 9 | . . . . . . . . . . . 2 9 8 8 5 3 . . . . 3 . 2 2 1 5 5 6 1 1 Highest-Rated Group 676 | . . . . . . . . . . . 82 400 676 676 404 93 . . . . 141 . 26 20 10 246 246 255 45 45 Highest-Rated Ally 159 | . . . . . . . . . . . 41 159 159 137 96 31 . . . . 47 . 26 10 10 65 65 65 45 45 Total Orders 32 | . . . . . . . . . . . 2 2 . . . 6 . . . . . . 2 2 2 6 4 4 2 . STAY 15 | . . . . . . . . . . . 1 1 . . . . . . . . . . 1 1 1 4 3 2 1 . FOLLOW 11 | . . . . . . . . . . . 1 1 . . . . . . . . . . 1 1 1 2 1 2 1 . EXPLORE 6 | . . . . . . . . . . . . . . . . 6 . . . . . . . . . . . . . . Ally Attacks 302 | . . . . . . . . . . . 16 150 25 17 48 2 . . . . 33 . . . . . 2 9 . . Total Damage 8561 | . . . . . . . . . . . 744 3538 625 483 1646 42 . . . . 1024 . . . . . 151 308 . . Kills 61 | . . . . . . . . . . . 5 24 7 3 15 . . . . . 6 . . . . . . 1 . . Allies Corrupted 7 | . . . . . . . . . . . . 2 . . . 2 . . . . 2 . . . . . . 1 . . Allies Melted . | . . . . . . . . . . . . . . . . . . . . . . . . . . . . . . . Intel | -11 -10 -10 -10 -9 -8 -7 -7 -7 -7 -6 -6 -6 -6 -6 -6 -5 -5 -5 -5 -4 -4 -4 -4 -4 -4 -4 -3 -3 -3 -3 ------- Run | Scr Mat Min Exi Min Mat Fac Low Low Zio Pro Fac Ext Cet Arc Hub Fac Upp Upp Zhi Pro Fac Was Fac Upp Upp War Pro Res Qua Sec Robot Analysis Total 17 | . 2 . . . 3 . . . . . 1 1 . . . 1 . . 4 . . . . . . . . 1 4 . Derelict Logs Recovered 18 | . . 1 . 2 . . 1 1 2 2 . . . . . . 3 1 . 1 . . . 2 2 . . . . . Drone Launches 6 | . . . . . . . . . . . . . . . . 6 . . . . . . . . . . . . . . Drone Recoveries 4 | . . . . . . . . . . . . . . . . 4 . . . . . . . . . . . . . . Exploration | -11 -10 -10 -10 -9 -8 -7 -7 -7 -7 -6 -6 -6 -6 -6 -6 -5 -5 -5 -5 -4 -4 -4 -4 -4 -4 -4 -3 -3 -3 -3 ------------- Run | Scr Mat Min Exi Min Mat Fac Low Low Zio Pro Fac Ext Cet Arc Hub Fac Upp Upp Zhi Pro Fac Was Fac Upp Upp War Pro Res Qua Sec Turns Passed 28870 | 51 1261 591 288 845 1953 773 1260 1332 865 1320 1878 1878 271 765 1939 1036 1380 1485 242 1705 1189 22 958 527 313 640 477 382 670 574 Spaces Moved 28679 | 35 802 355 195 533 1161 590 1021 1062 739 994 1186 1104 158 401 1134 338 933 1004 142 822 3114 76 2207 1293 1037 932 1077 1163 2081 990 Core 1 | 1 . . . . . . . . . . . . . . . . . . . . . . . . . . . . . . Treads 226 | . . . . . 21 . . . . . . . . . . 205 . . . . . . . . . . . . . . Legs 392 | . . . . . . . . . . . . . . . . . . . . 392 . . . . . . . . . . Wheels 14089 | 34 802 355 195 533 1140 590 1021 1062 739 994 1186 1104 158 401 1134 132 933 1004 142 430 . . . . . . . . . . Hover . | . . . . . . . . . . . . . . . . . . . . . . . . . . . . . . . Flight 13776 | . . . . . . . . . . . . . . . . 1 . . . . 3114 76 2207 1293 1037 932 1077 1163 2081 795 Fastest Speed 14 | 50 100 145 145 145 95 113 115 115 115 115 115 125 140 140 140 145 130 123 130 145 15 25 14 21 25 25 29 21 21 17 Average Speed 80 | 98 130 145 145 145 120 114 115 115 115 115 116 133 142 140 140 220 139 133 155 183 22 25 23 31 25 26 29 21 21 30 Slowest Speed 836 | 100 145 145 145 145 245 120 130 130 130 115 130 140 155 140 240 836 145 145 190 190 93 25 99 99 25 29 29 22 21 167 Overloaded Moves 128 | . . . . . . . . . . . . . . . . . . . . . 16 . 9 99 . . . . . 4 Propulsion Burnouts . | . . . . . . . . . . . . . . . . . . . . . . . . . . . . . . . Robots Hopped 48 | . . . . . . . . . . . . . . . . . . . . . 7 . 30 . . 3 . 5 1 2 Cave-ins Triggered . | . . . . . . . . . . . . . . . . . . . . . . . . . . . . . . . Teleports 1 | . . . . . . . . . . . . . . . . . . . . . . . . . . . . . . 1 Microwarps 13 | . . . . . . . . . . . . . . . . . . . . . . . . . . . . . . 13 Exploration Rate (%) 68 | 2 94 66 53 64 84 16 88 86 84 89 31 81 59 79 74 24 97 89 60 94 51 85 38 96 91 88 91 25 96 53 Regions Visited 30 Branch Regions 21 Pre-discovered Areas 12 | . 2 . 1 1 2 . . 1 2 . . . . . . . . . 3 . . . . . . . . . . . Known Exits Taken 23 | . . . . . 1 1 1 1 1 1 1 1 1 1 1 1 1 1 1 1 . . 1 1 1 1 1 1 1 . Unknown Exits Taken 5 | 1 1 1 1 1 . . . . . . . . . . . . . . . . . . . . . . . . . . Scrap Searched 33 | . . . . . . . 4 3 5 4 . . . . . . 1 4 . 4 . . . 3 3 . 2 . . . Spaces Dug 386 | . . . . . 7 16 6 21 . 12 24 2 . . 38 5 7 12 . 26 56 . 51 13 9 1 11 21 29 19 Terrain Destroyed 1009 | . . 29 . 12 26 16 6 21 . 12 32 2 21 9 381 57 15 24 . 65 88 . 51 13 9 1 43 21 29 26 Melee 277 | . . . . . 7 16 6 11 . 10 19 1 . . 24 4 7 7 . 11 50 . 37 7 9 1 9 20 19 2 Projectile 127 | . . . . . 6 . . 10 . 2 7 1 . 9 7 9 8 17 . 2 6 . 14 6 . . 2 1 10 10 AOE 605 | . . 29 . 12 13 . . . . . 6 . 21 . 350 44 . . . 52 32 . . . . . 32 . . 14 Terrain Rammed . | . . . . . . . . . . . . . . . . . . . . . . . . . . . . . . . Walls Destroyed . | . . . . . . . . . . . . . . . . . . . . . . . . . . . . . . . Machines Disabled . | . . . . . . . . . . . . . . . . . . . . . . . . . . . . . . . Actions | -11 -10 -10 -10 -9 -8 -7 -7 -7 -7 -6 -6 -6 -6 -6 -6 -5 -5 -5 -5 -4 -4 -4 -4 -4 -4 -4 -3 -3 -3 -3 --------- Run | Scr Mat Min Exi Min Mat Fac Low Low Zio Pro Fac Ext Cet Arc Hub Fac Upp Upp Zhi Pro Fac Was Fac Upp Upp War Pro Res Qua Sec Total 32768 | 48 957 417 202 579 1560 657 1096 1127 754 1145 1527 1455 198 524 1343 513 975 1086 165 948 3444 78 2459 1390 1071 1321 1213 1237 2246 1033 Wait 2143 | 1 91 39 . 24 184 14 57 23 . 124 195 134 9 55 69 32 2 32 . 53 135 . 146 67 25 369 117 19 85 42 Move 28392 | 34 801 354 194 532 1160 589 1020 1061 738 993 1185 1103 157 400 1133 337 932 1003 141 821 3100 75 2163 1292 1036 927 1076 1153 2078 804 Hop 28 | . . . . . . . . . . . . . . . . . . . . . 7 . 13 . . 1 . 4 1 2 Pick Up 220 | 6 11 3 4 2 33 9 4 2 2 1 16 14 5 6 5 20 3 5 7 7 18 1 5 1 . 3 . 8 7 12 Fast Attach 110 | 6 9 1 . . 5 3 1 . 2 1 . 1 2 2 3 6 6 2 4 8 19 . 11 2 . 2 . 3 6 5 Attach 139 | . . . . 1 9 2 . . 1 1 10 14 4 3 2 12 1 5 1 8 15 . 4 3 . 1 . 2 2 38 Detach 84 | . 3 . . . 4 2 . . 1 1 1 7 1 3 1 4 1 . 1 4 11 . 3 3 . . . 1 3 29 Swap 308 | 1 4 4 . 2 49 5 3 3 3 7 24 23 4 5 32 32 6 4 3 6 22 1 23 7 1 1 6 11 13 3 Drop 255 | . 3 5 4 1 30 13 5 2 6 2 8 16 8 6 8 14 6 2 8 7 37 1 10 2 . 4 . 11 14 22 Fire 393 | . 35 11 . 13 57 . . 23 . 4 16 16 6 44 21 50 8 26 . 6 6 . 15 6 . . 4 1 10 15 Melee 539 | . . . . . 27 20 6 13 1 11 72 20 . . 59 6 10 7 . 28 72 . 66 7 9 1 10 24 27 43 Ram . | . . . . . . . . . . . . . . . . . . . . . . . . . . . . . . . Kick . | . . . . . . . . . . . . . . . . . . . . . . . . . . . . . . . Crush 1 | . . . . . 1 . . . . . . . . . . . . . . . . . . . . . . . . . Escape Stasis 42 | . . . . . . . . . . . . 16 . . 8 . . . . . . . . . . . . . . 18 Rewire 98 | . . . . . . . . . . . . 84 . . . . . . . . 2 . . . . 12 . . . . Trap 16 | . . . . 4 1 . . . . . . 7 2 . 2 . . . . . . . . . . . . . . . Miscellaneous . | . . . . . . . . . . . . . . . . . . . . . . . . . . . . . . . Route ------- -11/Scrapyard -10/Materials (discovered 4 exits: [*Mat x3] / *Min) -10/Mines (discovered 3 exits: [*Mat x2] / *Exi) -10/Exiles -9/Mines -8/Materials (discovered 3 exits: *Fac x3) -7/Factory (discovered 4 exits: *Sto x2 / *Low x2) -7/Lower Caves -7/Lower Caves (discovered 2 exits: *Fac / *Zio) -7/Zion -6/Proximity Caves -6/Factory (discovered 5 exits: *Fac / Low x2 / *Ext x2) -6/Extension (discovered 2 exits: *Fac / *Cet) -6/Cetus -6/Archives (discovered 3 exits: *Fac / *Hub x2) -6/Hub_04(d) (discovered 3 exits: *Fac x3) -5/Factory (discovered 2 exits: *Upp x2) -5/Upper Caves -5/Upper Caves (discovered 2 exits: *Fac / *Zhi) -5/Zhirov -4/Proximity Caves -4/Factory (discovered 4 exits: *Res / *Upp x2 / Arm) -4/Waste -4/Factory (discovered 5 exits: *Res x2 / *Upp x2 / *Arm) -4/Upper Caves -4/Upper Caves (discovered 2 exits: *Res / *War) -4/Warlord -3/Proximity Caves -3/Research (discovered 5 exits: Res x3 / *Qua x2) -3/Quarantine (discovered 2 exits: *Res / *Sec) -3/Section 7 (discovered 1 exit: *Res) History --------- Turn | Location | Event 31 | -11/Scrapyard | Discovered new exit (range 15) 52 | -11/Scrapyard | Entered Materials 144 | -10/Materials | Discovered new exit (range 12) 189 | -10/Materials | Discovered new exit (range 16) 314 | -10/Materials | Build established: Mutant 431 | -10/Materials | Discovered new exit (range 5) 622 | -10/Materials | Repaired Lgt. Treads 758 | -10/Materials | Discovered new exit (range 8) 1081 | -10/Materials | Central database locked down 1313 | -10/Materials | Entered Mines 1372 | -10/Mines | Core integrity fell below 50% 1418 | -10/Mines | Discovered new exit (range 8) 1476 | -10/Mines | Met a Derelict who couldn't figure out how to use a Trap Extractor 1629 | -10/Mines | Discovered new exit (range 16) 1722 | -10/Mines | Learned Materials terminal intel 1837 | -10/Mines | Deemed a non-threat by the Exiles lab entrance 1837 | -10/Mines | Discovered new exit (range 5) 1904 | -10/Mines | Entered Exiles 1938 | -10/Exiles | Met 8R-AWN 1985 | -10/Exiles | Met EX-HEX 2066 | -10/Exiles | Met EX-DEC 2099 | -10/Exiles | Learned location of Zion (-7) 2177 | -10/Exiles | Discovered new exit (range 11) 2192 | -10/Exiles | Entered Mines 2338 | -9/Mines | Core integrity fell below 20% 2696 | -9/Mines | Learned Materials garrison access intel 2879 | -9/Mines | Found a hidden stash of uninstalled traps 3030 | -9/Mines | Discovered new exit (range 5) 3037 | -9/Mines | Entered Materials 3037 | -8/Materials | Evolved 4 slots: Propulsion x2, Utility x2 3038 | -8/Materials | Loaded intel: 12 terminal locations 3039 | -8/Materials | Loaded intel: 1 garrison access location 3759 | -8/Materials | Build established: Scavenger-Mutant 3796 | -8/Materials | Repaired Hardlight Generator? 3954 | -8/Materials | Discovered new exit (range 17) 4205 | -8/Materials | Discovered new exit (range 9) 4219 | -8/Materials | Identified exit to Factory 4470 | -8/Materials | Discovered exit to Factory (range 5) 4689 | -8/Materials | Repaired Broken Imp. Flight Unit 4990 | -8/Materials | Entered Factory 4990 | -7/Factory | Evolved 2 slots: Utility x2 5149 | -7/Factory | Repaired Lrg. Storage Unit? 5281 | -7/Factory | Build established: Scavenger-Assassin 5342 | -7/Factory | Discovered new exit (range 15) 5418 | -7/Factory | Identified exit to Storage 5528 | -7/Factory | Identified exit to Lower Caves 5597 | -7/Factory | Build established: Assassin 5763 | -7/Factory | Entered Lower Caves 6376 | -7/Lower Caves | Spotted B-75 Beast 6694 | -7/Lower Caves | Learned Factory garrison access intel 6845 | -7/Lower Caves | Discovered new exit (range 9) 6853 | -7/Lower Caves | Identified exit to Lower Caves 7023 | -7/Lower Caves | Entered another Lower Caves area 7044 | -7/Lower Caves | Discovered new exit (range 13) 7057 | -7/Lower Caves | Identified exit to Factory 7567 | -7/Lower Caves | Encountered a Warlord checkpoint 8174 | -7/Lower Caves | Discovered new exit (range 10) 8183 | -7/Lower Caves | Identified exit to Zion 8355 | -7/Lower Caves | Entered Zion 8507 | -7/Zion | Learned Factory emergency access door positions 8863 | -7/Zion | Learned location of Data Miner (-6) 8894 | -7/Zion | Learned Factory terminal intel 8941 | -7/Zion | Found Prototype Device 8961 | -7/Zion | Identified Bomb Factory No. 2 9001 | -7/Zion | Identified exit to Proximity Caves 9220 | -7/Zion | Entered Proximity Caves 9515 | -6/Proximity Caves | Build established: Hacker-Mutant 9758 | -6/Proximity Caves | Learned Factory stockpile data 10486 | -6/Proximity Caves | Discovered exit to Factory (range 15) 10501 | -6/Proximity Caves | Learned Factory interactive machine intel 10540 | -6/Proximity Caves | Entered Factory 10540 | -6/Factory | Evolved 2 slots: Utility x2 10543 | -6/Factory | Loaded intel: 54 interactive machine locations 10544 | -6/Factory | Loaded intel: 28 terminal locations 10545 | -6/Factory | Loaded intel: 4 garrison access locations 10662 | -6/Factory | Identified exit to Lower Caves 10662 | -6/Factory | Identified exit to Extension 10852 | -6/Factory | Build established: Hacker-Assassin 11298 | -6/Factory | Fabricated Imp. System Guard (x2) 11340 | -6/Factory | Fabricated HERF Cannon (x1) 11599 | -6/Factory | Fabricated Mni. Fusion Reactor? 11661 | -6/Factory | Garrison activated, responded to threat 11983 | -6/Factory | Fabricated Imp. System Restoration Module? 12142 | -6/Factory | Build established: Hacker-Mutant 12154 | -6/Factory | Fabricated Adv. Sensor Array? 12302 | -6/Factory | Discovered new exit (range 7) 12309 | -6/Factory | Identified exit to Factory 12418 | -6/Factory | Entered Extension 12470 | -6/Extension | Rescued a captive Derelict 12473 | -6/Extension | Rescued a captive Derelict 12547 | -6/Extension | Rescued A7 12589 | -6/Extension | Rescued a captive Derelict 12590 | -6/Extension | Rescued a captive Derelict 12776 | -6/Extension | Rescued a captive Derelict 13367 | -6/Extension | Spotted B-75 Beast 13389 | -6/Extension | Spotted B-75 Beast 13392 | -6/Extension | Allies destroyed B-75 Beast 13428 | -6/Extension | Allies destroyed B-75 Beast 13757 | -6/Extension | Rescued a captive Derelict 13759 | -6/Extension | Rescued a captive Derelict 13824 | -6/Extension | Repaired Med. Reactive Plating? 13899 | -6/Extension | Repaired Imp. Hardlight Generator 13962 | -6/Extension | Repaired HERF Cannon 14013 | -6/Extension | Repaired Lyr. Medium Armor Plating 14098 | -6/Extension | Rescued a captive Derelict 14098 | -6/Extension | Rescued a captive Derelict 14228 | -6/Extension | Discovered exit to Factory (range 10) 14229 | -6/Extension | Discovered new exit (range 6) 14278 | -6/Extension | Identified exit to Cetus 14296 | -6/Extension | Entered Cetus 14296 | -6/Cetus | Accompanied by 6 allies (A7) 14301 | -6/Cetus | Acquired a Cetus Manufacturing Module code from A7 14315 | -6/Cetus | Spotted Cetus Guard 14315 | -6/Cetus | Spotted Cetus Guard 14318 | -6/Cetus | Spotted Cetus Guard 14320 | -6/Cetus | Spotted Cetus Guard 14327 | -6/Cetus | Destroyed Cetus Guard 14332 | -6/Cetus | Allies destroyed Cetus Guard 14336 | -6/Cetus | Allies destroyed Cetus Guard 14338 | -6/Cetus | Allies destroyed Cetus Guard 14361 | -6/Cetus | System corruption reached 10% 14404 | -6/Cetus | Started Cetus Manufacturing Module 14416 | -6/Cetus | Escorted A7 to Cetus Mainframe 14429 | -6/Cetus | Manufactured an Enhanced Grunt 14433 | -6/Cetus | Discovered new exit (range 16) 14454 | -6/Cetus | Manufactured an Enhanced Grunt 14479 | -6/Cetus | Manufactured an Enhanced Grunt 14504 | -6/Cetus | Manufactured an Enhanced Grunt 14529 | -6/Cetus | Manufactured an Enhanced Grunt 14564 | -6/Cetus | Identified exit to Archives 14567 | -6/Cetus | Entered Archives 14567 | -6/Archives | Accompanied by 8 allies (A7) 14572 | -6/Archives | Received a hacking code to weaken MAIN.C 14610 | -6/Archives | Discovered new exit (range 15) 14720 | -6/Archives | Discovered exit to Factory (range 16) 14885 | -6/Archives | Discovered new exit (range 16) 15144 | -6/Archives | Build established: Scavenger-Mutant 15281 | -6/Archives | Identified exit to Hub_04(d) 15332 | -6/Archives | Entered Hub_04(d) 15332 | -6/Hub_04(d) | Accompanied by 5 allies 15441 | -6/Hub_04(d) | Discovered exit to Factory (range 15) 15639 | -6/Hub_04(d) | Discovered exit to Factory (range 13) 15811 | -6/Hub_04(d) | Found Prototype Device 15829 | -6/Hub_04(d) | Identified Exp. Thermal Shield 16141 | -6/Hub_04(d) | Core integrity fell below 50% 16972 | -6/Hub_04(d) | Discovered exit to Factory (range 8) 16991 | -6/Hub_04(d) | Garrison activated, responded to threat 17205 | -6/Hub_04(d) | Network Hub disabled 17244 | -6/Hub_04(d) | Network Hub disabled 17271 | -6/Hub_04(d) | Entered Factory 17271 | -5/Factory | Evolved 2 slots: Propulsion x2 17294 | -5/Factory | Lost 3 parts (2n1u) 17670 | -5/Factory | Build established: Hacker-Mutant 17995 | -5/Factory | Destroyed 7 combat bots 18029 | -5/Factory | Build established: Scavenger-Mutant 18062 | -5/Factory | Identified exit to Upper Caves 18307 | -5/Factory | Entered Upper Caves 18345 | -5/Upper Caves | Build established: Hacker-Mutant 18596 | -5/Upper Caves | Found Alien Artifact 19084 | -5/Upper Caves | Encountered a Warlord checkpoint 19097 | -5/Upper Caves | Identified exit to Upper Caves 19099 | -5/Upper Caves | Attracted the attention of an 0b10 checkpoint 19145 | -5/Upper Caves | Learned location of 1 exit from Proximity Caves 19512 | -5/Upper Caves | Build established: Scavenger-Mutant 19687 | -5/Upper Caves | Entered another Upper Caves area 19725 | -5/Upper Caves | Discovered new exit (range 6) 19730 | -5/Upper Caves | Identified exit to Factory 19905 | -5/Upper Caves | Learned Factory trap positions 19986 | -5/Upper Caves | Encountered a Warlord checkpoint 20052 | -5/Upper Caves | Spotted B-75 Beast 20826 | -5/Upper Caves | Lost 4 parts (1n1u2w) 21056 | -5/Upper Caves | Discovered new exit (range 5) 21061 | -5/Upper Caves | Identified exit to Zhirov 21172 | -5/Upper Caves | Entered Zhirov 21172 | -5/Zhirov | Discovered new exit (range 3) 21174 | -5/Zhirov | Identified exit to Proximity Caves 21199 | -5/Zhirov | Met Zhirov 21225 | -5/Zhirov | Learned location of Quarantine (-3) 21225 | -5/Zhirov | Learned location of Testing (-2) 21225 | -5/Zhirov | Learned location of Command (-1) 21239 | -5/Zhirov | Zhirov requested help retrieving the SGEMP Prototype 21261 | -5/Zhirov | Found Alien Artifact 21262 | -5/Zhirov | Identified Integrated Dissipator 21262 | -5/Zhirov | Installed Integrated Dissipator, increased core heat dissipation (+20) 21278 | -5/Zhirov | Found Alien Artifact 21414 | -5/Zhirov | Entered Proximity Caves 21569 | -4/Proximity Caves | Received a Behemoth hack from an annoying Tinkerer 21745 | -4/Proximity Caves | Attracted the attention of an 0b10 checkpoint 22084 | -4/Proximity Caves | Build established: Hacker-Mutant 22693 | -4/Proximity Caves | Lost 3 parts (2n1u) 23094 | -4/Proximity Caves | Learned Research stockpile data 23119 | -4/Proximity Caves | Entered Factory 23119 | -4/Factory | Evolved 2 slots: Power x1, Utility x1 23120 | -4/Factory | Loaded intel: 81 trap records 23251 | -4/Factory | Fabricated Q-thruster (x2) 23285 | -4/Factory | Identified exit to Upper Caves 23285 | -4/Factory | Identified exit to Armory 23362 | -4/Factory | Repaired Centrium Medium Armor Plating? 23393 | -4/Factory | Repaired Exp. Weapon Shielding 23495 | -4/Factory | Identified Dimensional Node Initializer 23495 | -4/Factory | Identified Transdimensional Reconstructor 23510 | -4/Factory | Build established: Hacker-Sprinter 23595 | -4/Factory | Discovered new exit (range 14) 23598 | -4/Factory | Identified exit to Research 23600 | -4/Factory | Fabricated Enh. Nova Cannon (x1) 23619 | -4/Factory | Repaired Broken Adv. Actuator Array? 23723 | -4/Factory | Fabricated Exp. Hacking Suite (x1) 23785 | -4/Factory | Repaired Power Maul 23827 | -4/Factory | Repaired Adv. Coolant Injector? 23836 | -4/Factory | Spotted B-86 Titan 24195 | -4/Factory | Repaired Cld. Nuclear Pulse Thruster 24213 | -4/Factory | Repaired Cld. Nuclear Pulse Thruster? 24231 | -4/Factory | Repaired Q-thruster? 24251 | -4/Factory | Repaired Power Maul? 24263 | -4/Factory | Repaired Powered Hammer 24308 | -4/Factory | Sucked down chute 24308 | -4/Factory | Entered Waste 24310 | -4/Waste | Spotted C-40 Crusher 24313 | -4/Waste | Spotted C-40 Crusher 24313 | -4/Waste | Spotted C-40 Crusher 24316 | -4/Waste | Spotted C-40 Crusher 24319 | -4/Waste | Spotted C-40 Crusher 24323 | -4/Waste | EMP discharged 24324 | -4/Waste | Discovered new exit (range 13) 24326 | -4/Waste | Found Prototype Device 24330 | -4/Waste | Identified exit to Factory 24330 | -4/Waste | Entered Factory 24481 | -4/Factory | Fabricated Lrn. Sensor Array? 24514 | -4/Factory | Discovered exit to Research (range 15) 24683 | -4/Factory | Discovered exit to Research (range 12) 24700 | -4/Factory | Repaired Field Propulsion Array 24735 | -4/Factory | Fabricated Exp. Hacking Suite? 24809 | -4/Factory | Identified Exp. Actuator Array 24832 | -4/Factory | Repaired Exp. Weapon Shielding? 25075 | -4/Factory | Build established: Wizard-Sprinter 25080 | -4/Factory | Search patrols dispatched 25161 | -4/Factory | Repaired Cld. Nuclear Pulse Thruster 25162 | -4/Factory | Repaired Mni. Fusion Reactor? 25207 | -4/Factory | Repaired Cld. Nuclear Pulse Thruster 25288 | -4/Factory | Entered Upper Caves 25288 | -4/Upper Caves | Accompanied by 2 allies 25479 | -4/Upper Caves | Learned Research stockpile data 25481 | -4/Upper Caves | Learned Research stockpile data 25770 | -4/Upper Caves | Discovered new exit (range 10) 25811 | -4/Upper Caves | Identified exit to Upper Caves 25815 | -4/Upper Caves | Entered another Upper Caves area 25815 | -4/Upper Caves | Accompanied by 1 ally 25844 | -4/Upper Caves | Discovered exit to Research (range 8) 25865 | -4/Upper Caves | Identified exit to Warlord 25962 | -4/Upper Caves | Learned location of 1 exit from Research 26128 | -4/Upper Caves | Entered Warlord 26128 | -4/Warlord | Accompanied by 1 ally 26134 | -4/Warlord | Discovered new exit (range 14) 26137 | -4/Warlord | Identified exit to Proximity Caves 26348 | -4/Warlord | Warlord's base attacked by MAIN.C 26388 | -4/Warlord | Found Prototype Energy Gun 26388 | -4/Warlord | Identified Vortex Rail 26391 | -4/Warlord | Found Prototype Energy Gun 26391 | -4/Warlord | Identified Vortex Rifle 26399 | -4/Warlord | Found Vortex Rail 26698 | -4/Warlord | Warlord forces counterattacked 26726 | -4/Warlord | Opened side exit 26768 | -4/Warlord | Entered Proximity Caves 26768 | -3/Proximity Caves | Accompanied by 5 allies 26949 | -3/Proximity Caves | Attracted the attention of an 0b10 checkpoint 27206 | -3/Proximity Caves | Discovered exit to Research (range 6) 27245 | -3/Proximity Caves | Entered Research 27245 | -3/Research | Accompanied by 5 allies 27245 | -3/Research | Evolved 2 slots: Propulsion x2 27246 | -3/Research | Identified exit to Research 27312 | -3/Research | Identified exit to Quarantine 27312 | -3/Research | Central database locked down 27363 | -3/Research | Repaired Imp. Diametric Drive? 27502 | -3/Research | Fabricated Exp. Signal Interpreter? 27618 | -3/Research | Found Prototype Device 27627 | -3/Research | Entered Quarantine 27649 | -3/Quarantine | Identified Exp. Sensor Array 27741 | -3/Quarantine | Found Alien Artifact 27748 | -3/Quarantine | Identified Terrabomb 27757 | -3/Quarantine | Found Alien Artifact 27766 | -3/Quarantine | Identified Subatomic Replicator 27835 | -3/Quarantine | Found Alien Artifact 27842 | -3/Quarantine | Discovered exit to Research (range 13) 27850 | -3/Quarantine | Repaired Mni. Fusion Reactor? 27879 | -3/Quarantine | Identified Phase Redirector 28015 | -3/Quarantine | Found Alien Artifact 28021 | -3/Quarantine | Identified Core Reset Matrix 28233 | -3/Quarantine | Found Alien Reactor 28280 | -3/Quarantine | Spotted Fortress 28294 | -3/Quarantine | Discovered new exit (range 6) 28295 | -3/Quarantine | Identified exit to Section 7 28297 | -3/Quarantine | Entered Section 7 28336 | -3/Section 7 | Found Alien Artifact 28340 | -3/Section 7 | Identified Microwarp Drive 28340 | -3/Section 7 | Identified Matter Drive 28386 | -3/Section 7 | Garrison activated, responded to threat 28464 | -3/Section 7 | Lost 3 parts (1p2n) 28488 | -3/Section 7 | Repaired Exp. Weapon Shielding 28503 | -3/Section 7 | Warped through subspace 28522 | -3/Section 7 | Core integrity fell below 50% 28566 | -3/Section 7 | Lost 6 parts (1p2n3u) 28597 | -3/Section 7 | Spotted S7 Guard 28614 | -3/Section 7 | Found Alien Artifact 28623 | -3/Section 7 | Spotted B-86 Titan 28642 | -3/Section 7 | Identified Integrated Thermoelectric Network 28642 | -3/Section 7 | Installed Integrated Thermoelectric Network, gained heat-energy exchange potential 28654 | -3/Section 7 | Found Alien Artifact 28661 | -3/Section 7 | Identified Integrity Redistributor 28672 | -3/Section 7 | Spotted S7 Guard 28737 | -3/Section 7 | Spotted Alpha 7 28742 | -3/Section 7 | Core integrity fell below 20% 28743 | -3/Section 7 | Used Subatomic Replicator to replicate Integrity Redistributor 28749 | -3/Section 7 | Used Integrity Redistributor, redistributed integrity to core (+125) 28782 | -3/Section 7 | Lost 6 parts (1p4n1u) 28807 | -3/Section 7 | Found Matter Drive 28871 | -3/Section 7 | Spotted Executioner 28871 | -3/Section 7 | Spotted B-99 Colossus 28871 | -3/Section 7 | Destroyed by G-67 Veteran with Plasma Rifle Last Messages --------------- 28855_ Field strength at 55. 28856_ Field strength at 50. 28857_ Field strength at 45. 28858_ Field strength at 40. 28859_ Field strength at 35. 28860_ Field strength at 30. 28861_ Field strength at 25. 28862_ Field strength at 20. 28863_ Field strength at 15. 28864_ Field strength at 10. 28865_ Field strength at 5. 28866_ Stasis field depleted. 28869_ Penetrated by Slug. 28869_ Imp. Diametric Drive destroyed. 28869_ Penetrated by Slug. 28869_ Exp. Sensor Array destroyed. 28869_ Dropped Exp. Cooling System. 28871_ Microwarped (distance 39). 28871_ Penetrated by Slug. 28871_ Slug penetrates Machine. Map ----- +----------------------------------------------------+ | ??????????? ???????" " | | ??????????? " ?????? | | ????????????? """ ????? | | ??????????????????" " ???? | | ????????? ????????"" | | ??????? ????????" """" " " "??????????? | | ??????? ????????" "????????????????? "" | | ??????? ??????" "????????????????????? | | ??????? " ""????????????????????? | | ???????? "" "????????????????????? | | ???????? ? "????????????????????? | | ????"??? ?? " ???????????????????? | | ????" ??" ??? ??? ???"""""" | | ????" "" ??" "" ??? | | ????? """ " ?? | | ??????" " " """"""""" ??? | | ??????? " "????????" ???????"" | | ??????""" "" "?"""""""" ""???????? | | ???"""" "?? """"""""" | | A "?""" c k | | g "" h | | """"" " k | | ?????" | | ??????" | | ????????" | | ?????? u@ | | ??????? | | ????????? | | ??????????? """""""""" " """"""""" | | ??????????? ###""""""""""""""""""""""""""" | | ???????????? ???#""""""""""""""""""""""""""" | | ????????????#BB###????############################ | | ????????????#????????????????????????????????????? | | ?????????????????????????????????????????????????? | | ?????????????????????????????????????????????????? | | ?????????????????????????????????????????????????? | | ?????????????????????????????????????????????????? | | ?????????????????????????????????????????????????? | | ?????????????????????????????????????????????????? | | ?????????????????????????????????????????????????? | | ?????????????????????????????????????????????????? | | ?????????????????????????????????????????????????? | | ?????????????????????????????????????????????????? | | ?????????????????????????????????????????????????? | | ?????????????????????????????????????????????????? | | ?????????????????????????????????????????????????? | | ?????????????????????????????????????????????????? | | ?????????????????????????????????????????????????? | | ?????????????????????????????????????????????????? | | ?????????????????????????????????????????????????? | +----------------------------------------------------+ Best States ------------- Heat Dissipation 104 Coolant Potential 100 Energy Generation 35 Energy Capacity 700 Matter Stores 300 Matter Capacity 300 Sight Range 16 Robot Scan Range 20 Terrain Scan Range 16 Terrain Scan Density 210 Corruption Block 7 Armor Coverage 1350 Resistance: KI 30 Resistance: TH 30 Resistance: EM 25 Core Shielding 20 Weapon Shielding 90 Evasion (%) 65 Targeting Accuracy 8 Recoil Reduction 2 Offensive Hacking 60 Defensive Hacking 24 Authchip Count 1 Item Schematics ----------------- Hacking Suite | -8/Materials | Hacked Aerolev Unit | -8/Materials | Scanalyzed Imp. Flight Unit | -8/Materials | Scanalyzed System Shield | -8/Materials | Hacked Riot Gun | -7/Zion | Free Hvy. Riot Gun | -7/Zion | Free Battle Rifle | -7/Zion | Free Hvy. Battle Rifle | -7/Zion | Free Flamer | -7/Zion | Free Imp. Shield Generator | -7/Zion | Archive Mak. Transmission Jammer | -7/Zion | Archive Imp. Salvage Targeting Computer | -7/Zion | Archive Drone Bay | -7/Zion | Archive System Restoration Module | -7/Zion | Archive Adv. Terrain Scanner | -7/Zion | Archive Hvy. Ion Cannon | -7/Zion | Archive KE Penetrator | -7/Zion | Archive Imp. Focal Shield | -7/Zion | Archive Hrd. Heavy Armor Plating | -7/Zion | Archive Lrn. Missile Launcher | -7/Zion | Archive Imp. Thermal Generator | -7/Zion | Archive Adv. Signal Interpreter | -7/Zion | Archive Mak. System Shield | -7/Zion | Archive Mak. Armor Plating | -7/Zion | Archive HERF Cannon | -7/Zion | Archive Adv. System Shield | -6/Factory | Hacked Mic. Fission Core | -6/Factory | Hacked Adv. Sensor Array | -6/Factory | Hacked Mni. Fusion Reactor | -6/Factory | Hacked Q-thruster | -5/Factory | Hacked Adv. Hacking Suite | -5/Factory | Hacked Cmb. Gravmag System | -5/Factory | Hacked Assault Drone Bay | -5/Zhirov | Free Exp. Heat Sink | -5/Zhirov | Free Exp. Optical Array | -5/Zhirov | Free Imp. Arc Thrower | -5/Zhirov | Free Adv. KE Penetrator | -4/Factory | Hacked Centrium Medium Armor Plating | -4/Factory | Scanalyzed Exp. Weapon Shielding | -4/Factory | Scanalyzed Exp. Hacking Suite | -4/Factory | Hacked Exp. System Shield | -4/Factory | Hacked Imp. Armor Integrity Analyzer | -4/Factory | Scanalyzed Particle Accelerator | -4/Factory | Scanalyzed Adv. Actuator Array | -4/Factory | Scanalyzed Exp. Cooling System | -4/Factory | Scanalyzed Enh. Nova Cannon | -4/Factory | Scanalyzed Exp. Signal Interpreter | -4/Factory | Hacked Lrn. Sensor Array | -4/Factory | Hacked Nanoactuators | -4/Factory | Hacked Biometal Leg | -4/Factory | Hacked Impulse Thruster Array | -4/Factory | Hacked Adv. Phase Shifter | -4/Factory | Hacked Imp. Remote Force Field | -4/Factory | Hacked Exp. Actuator Array | -4/Factory | Scanalyzed Exp. Force Field | -3/Research | Hacked Cmb. Linear Gravjet | -3/Quarantine | Hacked Exp. Sensor Array | -3/Quarantine | Scanalyzed Cld. Impulse Thruster | -3/Quarantine | Scanalyzed Robot Schematics ------------------ O-24 Administrator | -7/Zion | Archive W-25 Informer | -7/Zion | Archive K-01 Serf | -7/Zion | Archive Fabricated ------------ Imp. System Guard | x2 | -6/Factory | Preloaded HERF Cannon | x1 | -6/Factory | Authchip Mni. Fusion Reactor | x1 | -6/Factory Imp. System Restoration Module | x2 | -6/Factory | Preloaded Adv. Sensor Array | x1 | -6/Factory Q-thruster | x2 | -4/Factory | Authchip Enh. Nova Cannon | x1 | -4/Factory | Preloaded Exp. Hacking Suite | x1 | -4/Factory Lrn. Sensor Array | x1 | -4/Factory Exp. Hacking Suite | x1 | -4/Factory Exp. Signal Interpreter | x1 | -3/Research Alien Tech Used ----------------- Integrated Dissipator Phase Redirector Transdimensional Reconstructor Microwarp Drive Integrated Thermoelectric Network Subatomic Replicator Matter Drive Integrity Redistributor Achievements -------------- None Challenges ------------ None Game ------ Seed PhaseTractorBeamcaster Manual? 0 Play Time 06:47:18 Cumulative 277.4 hours Start 2022.06.02 @ 14:22:32 End 2022.06.03 @ 01:40:21 Sessions 3 Manual Loads 0 Difficulty Rogue Special Mode None Game No. 80 Rogue 80 Adventurer 0 Explorer 0 Win Type - Total 14 Types 12/0/2/0/0/0/0/0/0 Lore% 86 Gallery% 86 Achievement% 72 Wizard Run 0 Options --------- ASCII 0 Keyboard 0 Movement Numpad Keybinds 0 Fullscreen 1 Font 14/SmallcapsGlow Map View 84x54 Tactical HUD 1 Map Filters NONE Filters NONE Steam 1 RUN: 8026f8f8-fe6b-45f7-98e5-155347bfa8e2